 Dungeon Crawl Stone Soup version 0.31.0-12-g77e489cdc1 (webtiles) character file.

Game seed: 16956111718771332062

135 spaghetti the Trooper (level 5, 0/52 HPs)
             Began as a Naga Chaos Knight on Mar 7, 2024.
             Was a Plaything of Xom.
             Slain by an orc priest
             ... wielding a +3 hand axe
              (3 damage)
             ... on level 3 of the Dungeon.
             The game lasted 00:03:06 (2111 turns).

spaghetti the Trooper (Naga Chaos Knight)           Turns: 2111, Time: 00:03:07

Health: 0/52       AC:  5    Str: 15      XL:     5   Next: 18%
Magic:  4/4        EV:  9    Int: 19 (20) God:    Xom [..*...]
Gold:   121        SH:  0    Dex: 10      Spells: 4/4 levels left

rFire   . . .        d - +3 short sword (flame)
rCold   . . .        (no shield)
rNeg    . . .        b - +2 leather armour
rPois   +            (no helmet)
rElec   .            e - scarf {+Inv}
rCorr   .            (no gloves)
SInv    +            (no barding)
Will    .....        (no amulet)
Stlth   +            g - +6 ring of intelligence
HPRegen 0.28/turn    (no ring)
MPRegen 0.09/turn

%: no passive effects
@: short of breath, very slow
A: AC +1, large, see invisible, deformed body, poison resistance, slowness 2,
spit poison 1, naga tail 1, low MP 1
a: Spit Poison, Renounce Religion, Evoke Invisibility


You were on level 3 of the Dungeon.
You worshipped Xom.
You were a toy of Xom.
You visited 1 branch of the dungeon, and saw 3 of its levels.

You collected 121 gold pieces.

Inventory:

Hand Weapons
 a - a +0 spear of chaos
 d - a +3 short sword of flaming (weapon)
Armour
 b - a +2 leather armour (worn)
 e - a scarf of invisibility (worn)
Jewellery
 g - a +6 ring of intelligence (left hand)
 h - a ring of willpower
Scrolls
 c - a scroll of butterflies
Potions
 f - a potion of attraction
 i - a potion of enlightenment


   Skills:
 + Level 5.4 Fighting
 - Level 3.1 Polearms
 - Level 1.7 Armour
 - Level 1.0 Dodging


You had 4 spell levels left.
You didn't know any spells.
Your spell library contained the following spells:

 Spells                   Type           Power      Damage    Failure   Level
 Freeze                   Ice            0%         1d3       26%         1
 Magic Dart               Conj           0%         1d3       26%         1
 Searing Ray              Conj           0%         2d4       36%         2
 Frozen Ramparts          Ice            0%         1d1       58%         3
 Hailstorm                Conj/Ice       0%         3d5       58%         3
 Fulminant Prism          Conj/Alch      0%         3d5       94%         4


Dungeon Overview and Level Annotations

Branches:
Dungeon (3/15)

Altars:


Innate Abilities, Weirdness & Mutations

Your serpentine skin is tough. (AC +1)
You have supernaturally acute eyesight. (SInv)
Armour fits poorly on your strangely shaped body.
Your system is resistant to poisons. (rPois)
You cover ground very slowly.
You can spit poison.
You have a snake-like lower body.
Your magical capacity is low. (-10% MP)


Message History

The orc priest calls down the wrath of Beogh upon you.
Beogh smites you!
You hit the orc. You burn the orc.
You kill the orc!
Xom smirks.
You detect creatures!
The adder bites you but does no damage.
You barely miss the adder. The adder bites you but does no damage.
You barely miss the adder. The adder bites you.
You hit the adder. You burn the adder. Your punch misses the adder.
The adder is heavily wounded.
The adder barely misses you.
The orc priest mumbles some strange prayers to Beogh against you.
Beogh smites you! The adder closely misses you.
You hit the adder. You burn the adder.
The adder is almost dead. "See what I see, my child!"
You detect items!
The adder bites you but does no damage.
You hit the adder. You burn the adder.
You kill the adder!
You feel your intelligence returning.
You closely miss the orc priest.
Xom's power almost touches on you for a moment.
Your leather armour briefly grows fur, then returns to normal.
The orc priest closely misses you.
You hit the orc priest. You burn the orc priest.
The orc priest is lightly wounded.
The orc priest invokes the aid of Beogh against you.
Beogh smites you!
* * * LOW HITPOINT WARNING * * *
Okay, then.
Okay, then.
You aren't carrying any items that you can evoke.
Aiming: Spit Poison (1% risk of failure)
Press: ? - help, Shift-Dir - straight line, f/p - orc priest
Aim: an orc priest, wielding a +3 hand axe and wearing a +0 leather armour (lightly wounded, 59% to hit)
The splash of poison hits the orc priest.
The orc priest is poisoned.
The orc priest is heavily wounded.
The orc priest hits you with a +3 hand axe.
You die...

##### ##....#####
##....>....######## #########
#.....>....##.....# #........
#$.........##.....# #........
#.........o##.....# ........
#.........oo@.....# ........
...........##.....# ###.###'
######..#######..#######.....
######..# #................
........# #.............##.
######..# #.............##.
#..# #.............##< #..#
#.............##. #..#
#.............##.


You could see an orc priest (poisoned) and 2 orcs.

Vanquished Creatures
  A bombardier beetle (D:2)
  4 adders
  2 dart slugs
  2 ribbon worms (D:2)
  An orc (D:3)
  4 endoplasms
  4 giant cockroaches
  7 goblins
  4 hobgoblins (D:1)
  3 jackals (D:1)
  3 quokkas
  4 ball pythons
  6 bats (D:1)
  2 frilled lizards (D:2)
  5 kobolds
  7 rats
59 creatures vanquished.

Notes
Turn   | Place    | Note
-------+----------+-------------------------------------------
     0 | D:1      | spaghetti the Naga Chaos Knight began the quest for the
                  | Orb.
     0 | D:1      | Reached XP level 1. HP: 21/21 MP: 1/1
    47 | D:1      | Reached skill level 1 in Dodging
    57 | D:1      | Reached XP level 2. HP: 26/28 MP: 2/2
    96 | D:1      | XOM: potion effect (invisibility)
   278 | D:1      | Reached XP level 3. HP: 33/36 MP: 3/3
   365 | D:1      | Reached skill level 4 in Fighting
   456 | D:1      | XOM: noise
   976 | D:2      | XOM: 2-stop teleportation journey
  1632 | D:2      | Reached XP level 4. HP: 27/45 MP: 4/4
  1791 | D:2      | XOM is BORED!
  1791 | D:2      | XOM: silly message
  1896 | D:2      | Reached skill level 5 in Fighting
  1995 | D:3      | Reached XP level 5. HP: 51/52 MP: 5/5
  2083 | D:3      | XOM is BORED!
  2098 | D:3      | Gained mutation: Your magical capacity is low. (-10% MP)
                  | [potion of mutation]
  2103 | D:3      | XOM: divination: detect creatures
  2107 | D:3      | XOM: divination: detect items
  2109 | D:3      | XOM: silly message
  2111 | D:3      | Slain by an orc priest

Illustrated notes

Levels and vault maps discovered:
D:1:      lemuel_arrival_tunnels, layout_basic, minmay_ruptured
D:2:      layout_loops_corners
D:3:      layout_basic, nicolae_ecumenical_snake_handling

Skill      XL: |  1  2  3  4 |
---------------+-------------+-----
Dodging        | 1 |  1.0
Fighting       | 4 5 |  5.4
Polearms       | |  3.1
Armour         | |  1.7

Action                     |  1- 3 |  4- 6 || total
---------------------------+-------+-------++-------
  Melee: Spear             |    19 |       ||    19
         Short sword       |    66 |    45 ||   111
Ability: Spit Poison       |    28 |    10 ||    38
    Use: Scroll            |     4 |     1 ||     5
         Potion            |     2 |     1 ||     3
 Armour: Leather armour    |    45 |    32 ||    77
  Dodge: Dodged            |    59 |    19 ||    78
